 Dungeon Crawl Stone Soup version 0.31-a0-319-g4fced400ed (webtiles) character file.

Game seed: 833163555302267663

380268 Shard1697 the Convoker (level 21, 0/186 (191) HPs)
             Began as a Red Draconian Ice Elementalist on July 17, 2023.
             Was an Initiate of Gozag.
             Slain by Mennas
             ... wielding a +1 eudemon blade of holy wrath
              (8 damage)
             ... on level 4 of the Vaults.
             The game lasted 02:14:41 (60875 turns).

Shard1697 the Convoker (DrIE)                      Turns: 60875, Time: 02:14:42

HP:   0/186 (191)   AC: 26    Str: 12      XL:     21   Next: 88%
MP:   30/35         EV: 18    Int: 22 (23) God:    Gozag
Gold: 12704         SH: 17    Dex: 14      Spells: 6/40 levels left

rFire   + + .        a - +8 mithril axe "Arga" {speed, Will+}
rCold   + . .        B - +4 kite shield {rF+}
rNeg    . . .        (body armour unavailable)
rPois   .            M - +2 hat
rElec   .            x - +2 cloak
rCorr   .            U - +2 pair of gloves {Stlth+}
SInv    +            D - +2 pair of boots
Will    ++...        l - amulet of regeneration
Stlth   ++           P - ring of Sima {AC+4 SInv}
HPRegen 1.31/turn    Z - ring of Nyssoabb {Wiz rC+}
MPRegen 0.24/turn

%: wizardry (x1)
@: mighty, hasted, glowing, studying Throwing, silenced, lightly drained, very
quick
A: breathe fire, AC +11, unfitting armour, fire resistance 1, cold-blooded
}: 2/15 runes: serpentine, barnacled
a: Breathe Fire, Renounce Religion


You were on level 4 of the Vaults.
You worshipped Gozag.
Gozag was extremely pleased with you.
You visited 8 branches of the dungeon, and saw 38 of its levels.
You visited the Abyss 2 times.
You also visited: Sewer, Bailey, Gauntlet and Volcano.

You collected 21218 gold pieces.
You spent 6919 gold pieces at shops.
You paid 1595 gold pieces to Gozag.

Inventory:

Hand Weapons
 a - the +8 mithril axe "Arga" (weapon) {speed, Will+}
   (You bought it in a shop on level 1 of the Dungeon)

   Will:      It increases your willpower.
 b - the +8 lance "Wyrmbane" {slay drac, rPois rF+ rC+ AC+3}
   (You took it off a deep elf sorcerer on level 3 of the Elven Halls)

   AC:        It affects your AC (+3).
   rF:        It protects you from fire.
   rC:        It protects you from cold.
   rPois:     It protects you from poison.
 g - a +8 vampiric broad axe
 S - the +16 obsidian axe {drain, demonic, Mesm Drain Fly SInv}
   (You found it on level 3 of the Vaults)

   Mesm:      Its wielder is mesmerised by any visible foes, and it cannot be
   unequipped while any foes are visible.
   SInv:      It lets you see invisible.
   Fly:       It grants you flight.
   Drain:     It drains your maximum health when unequipped.
Armour
 x - a +2 cloak (worn)
 B - a +4 kite shield of fire resistance (worn)
 D - a +2 pair of boots (worn)
 L - a scarf of resistance
 M - a +2 hat (worn)
 U - a +2 pair of gloves of stealth (worn)
 V - a +0 cloak of fire resistance
Jewellery
 l - an amulet of regeneration (around neck)
 m - an amulet of reflection
 I - a ring of positive energy
 O - a +4 ring of protection
 P - the ring of Sima (left hand) {AC+4 SInv}
   (You bought it in a shop on level 11 of the Dungeon)

   [ring of protection]

   AC:        It affects your AC (+4).
   SInv:      It lets you see invisible.
 R - a +4 ring of slaying
 X - a ring of resist corrosion
 Y - a ring of poison resistance
 Z - the ring of Nyssoabb (right hand) {Wiz rC+}
   (You bought it in a shop on level 3 of the Snake Pit)

   [ring of wizardry]

   It improves your spell success rate.
   rC:        It protects you from cold.
Wands
 r - a wand of acid (23)
 s - a wand of paralysis (45)
 K - a wand of digging (15)
Scrolls
 f - 3 scrolls of teleportation
 k - 5 scrolls of amnesia
 t - 4 scrolls of blinking
 u - 20 scrolls of identify
 w - 7 scrolls of revelation
 y - 4 scrolls of fog
 G - 7 scrolls of fear
 J - 2 scrolls of brand weapon
 T - 5 scrolls of butterflies
Potions
 c - 8 potions of brilliance
 d - 2 potions of might
 e - 10 potions of curing
 h - 4 potions of ambrosia
 n - 3 potions of lignification
 o - 7 potions of mutation
 p - 6 potions of haste
 q - 2 potions of cancellation
 C - 3 potions of resistance
 E - a potion of heal wounds
 F - 6 potions of magic
 H - a potion of berserk rage
 Q - a potion of invisibility
 W - a potion of enlightenment
Miscellaneous
 v - a lightning rod (4/4)
 z - a condenser vane


   Skills:
 - Level 17.3 Fighting
 - Level 18.0(18.3) Axes
 - Level 1.2(11.8) Maces & Flails
 - Level 6.0(13.1) Polearms
 + Level 13.9 Dodging
 - Level 5.2 Stealth
 - Level 15.0 Shields
 - Level 10.2 Spellcasting
 - Level 20.2 Summonings
 - Level 11.2 Necromancy
 - Level 7.8 Translocations
 - Level 5.7 Ice Magic


You had 6 spell levels left.
You knew the following spells:

 Your Spells              Type           Power      Damage    Failure   Level
a - Summon Forest         Summ/Tloc      32%        N/A       1%          5
c - Ozocubu's Armour      Ice            36%        N/A       1%          3
d - Vampiric Draining     Necr           57%        2d10      1%          3
e - Blink                 Tloc           90%        N/A       1%          2
f - Haunt                 Necr/Summ      34%        N/A       6%          7
g - Summon Cactus Giant   Summ           39%        N/A       1%          6
t - Summon Horrible Thin  Summ           39%        N/A       8%          8

Your spell library contained the following spells:

 Spells                   Type           Power      Damage    Failure   Level
 Summon Small Mammal      Summ           100%       N/A       0%          1
 Apportation              Tloc           90%        N/A       1%          1
 Freeze                   Ice            100%       1d10      1%          1
 Kiss of Death            Conj/Necr      100%       2d13      1%          1
 Necrotise                Necr           100%       1d9       1%          1
 Lesser Beckoning         Tloc           90%        N/A       1%          2
 Momentum Strike          Conj/Tloc      56%        3d9       1%          2
 Sublimation of Blood     Necr           57%        N/A       1%          2
 Frozen Ramparts          Ice            72%        1d11      1%          3
 Gell's Gravitas          Tloc           45%        N/A       1%          3
 Teleport Other           Tloc           45%        N/A       1%          3
 Manifold Assault         Tloc           45%        N/A       1%          4
 Passage of Golubria      Tloc           45%        N/A       1%          4
 Summon Ice Beast         Ice/Summ       62%        N/A       1%          4
 Summon Lightning Spire   Summ/Air       54%        N/A       1%          4
 Agony                    Necr           57%        N/A       1%          5
 Summon Mana Viper        Hex/Summ       54%        N/A       1%          5
 Vhi's Electric Charge    Tloc/Air       56%        N/A       2%          3
 Volatile Blastmotes      Fire/Tloc      56%        2d14      2%          3
 Slow                     Hex            44%        N/A       4%          1
 Hailstorm                Conj/Ice       23%        3d7       4%          3
 Anguish                  Hex/Necr       17%        N/A       4%          4
 Searing Ray              Conj           22%        2d5       7%          2
 Wereblood                Tmut           11%        N/A       7%          2
 Iskenderun's Mystic Bla  Conj/Tloc      28%        2d7       9%          4
 Borgnjor's Vile Clutch   Necr/Erth      17%        N/A       12%         5
 Confusing Touch          Hex            11%        N/A       14%         3
 Dazzling Flash           Conj/Hex       22%        N/A       14%         3
 Ignite Poison            Fire/Tmut/Pois 11%        N/A       14%         3
 Inner Flame              Hex/Fire       11%        N/A       14%         3
 Stone Arrow              Conj/Erth      22%        3d8       14%         3
 Tukima's Dance           Hex            11%        N/A       14%         3
 Dispersal                Tloc           22%        N/A       26%         6
 Cause Fear               Hex            5%         N/A       41%         4
 Flame Wave               Conj/Fire      11%        2d6       41%         4
 Leda's Liquefaction      Hex/Erth       5%         N/A       41%         4
 Petrify                  Tmut/Erth      11%        N/A       41%         4
 Sticky Flame             Conj/Fire      11%        2d3       41%         4
 Freezing Cloud           Conj/Ice/Air   9%         6-21      47%         5
 Alistair's Intoxication  Tmut/Pois      7%         N/A       75%         5
 Arcjolt                  Conj/Air       5%         1d15      75%         5
 Fireball                 Conj/Fire      5%         3d5       75%         5
 Irradiate                Conj/Tmut      5%         3d13      75%         5
 Iskenderun's Battlesphe  Conj           11%        2d7       75%         5
 Lee's Rapid Deconstruct  Erth           5%         3d6*      75%         5
 Yara's Violent Unravell  Hex/Tmut       5%         3d4       75%         5
 Conjure Ball Lightning   Conj/Air       5%         3x3d6     99%         6
 Eringya's Noxious Bog    Tmut/Pois      5%         4d6       99%         6
 Leda's Unmaking          Conj/Erth      5%         9d2       99%         6
 Plasma Beam              Fire/Air       5%         2x1d16    99%         6
 Starburst                Conj/Fire      5%         6d4       99%         6
 Spellforged Servitor     Conj/Summ      27%        N/A       50%         7
 Dragon's Call            Summ           39%        N/A       71%         9
 Infestation              Necr           28%        N/A       95%         8
 Ozocubu's Refrigeration  Ice            18%        4d11      97%         7
 Enfeeble                 Hex            5%         N/A       100%        7
 Discord                  Hex            5%         N/A       100%        8
 Disjunction              Tloc           22%        N/A       100%        8
 Maxwell's Capacitive Co  Air            5%         ∞         100%        8
 Polar Vortex             Ice            18%        12d2*     100%        9
 Shatter                  Erth           5%         3d8*      100%        9
 Animate Dead             Necr           Unusable   N/A       N/A         4
 Simulacrum               Ice/Necr       Unusable   N/A       N/A         6

Dungeon Overview and Level Annotations

Branches:
Dungeon (15/15)            Temple (1/1) D:5            Lair (5/5) D:8
 Shoals (4/4) Lair:2        Snake (4/4) Lair:2        Slime (0/5) Lair:5
    Orc (2/2) D:11            Elf (3/3) Orc:2        Vaults (4/5) D:13
  Crypt (0/3) Vaults:3     Depths (0/4) D:15          Sewer (visited)
 Bailey (visited)         Volcano (visited)         Gauntlet (visited)

Altars:
Ashenzari
Cheibriados
Dithmenos
Elyvilon
Fedhas
Gozag
Hepliaklqana
Kikubaaqudgha
Makhleb
Nemelex Xobeh
Okawaru
Qazlal
Ru
Sif Muna
Trog
Uskayaw
Vehumet
Wu Jian
Xom
Yredelemnul
Zin
The Shining One

Shops:
D:1 (*?!:   D:9 ?   D:11 :=?   Orc:2 :[[(   Elf:3 (=   Shoals:2 !   Snake:3 =:=
Vaults:1 [   Vaults:4 [

Annotations:
D:14 2 transporters
Lair:3 2 transporters, LobsterGuardian's ghost, journeyman DsNe
Snake:3 Roxanne
Vaults:4 Mennas; Sojobo


Innate Abilities, Weirdness & Mutations

You can breathe blasts of fire.
Your fiery red scales are hard. (AC +11)
You cannot fit into any form of body armour.
Your flesh is heat resistant. (rF+)
You are cold-blooded and may be slowed by cold attacks.


Message History

You slash Sojobo! Sojobo hits you but does no damage. Sojobo pecks you.
Sojobo claws you but does no damage.
You closely miss Mennas.
Mennas is severely wounded.
You slash Sojobo! Mennas misses you. You block Mennas's attack.
Mennas blocks your attack.
Mennas is severely wounded.
You barely miss Sojobo.
Mennas blocks your large abomination's attack.
You miss Mennas.
Your tail-slap misses Mennas.
Mennas is severely wounded.
You completely miss Sojobo. Mennas completely misses you.
Mennas hits you but does no damage.
Sojobo hits you with a +5 great sword of holy wrath!!
* * * LOW HITPOINT WARNING * * *
You block Sojobo's attack. x2
Mennas blocks your large abomination's attack.
You slash Sojobo!
Sojobo is severely wounded.
You hit Mennas.
Mennas hits you with a +1 eudemon blade of holy wrath!
* * * LOW HITPOINT WARNING * * *
Mennas hits you but does no damage.
You miss Sojobo.
Your tail-slap misses Sojobo.
Sojobo is severely wounded.
You hit Mennas.
Mennas blocks your large abomination's attack.
You slash Sojobo!
Sojobo is severely wounded.
You hit Mennas.
Sojobo hits you with a +5 great sword of holy wrath!!
* * * LOW HITPOINT WARNING * * *
Sojobo pecks you.
* * * LOW HITPOINT WARNING * * *
Sojobo claws you but does no damage.
Mennas hits you with a +1 eudemon blade of holy wrath!
* * * LOW HITPOINT WARNING * * *
Mennas hits you with a +1 eudemon blade of holy wrath!
You die...
Your body crumbles into a pile of gold.

....Q.....#
.........
....!..
..... ...
######'##
#.......#
#..XAQ§.#
#..X@...#
#.....§.#
#.......#
#.......#
####'####
##....##
##..##..##
#..####..##
#..## ##..#


You could see Mennas (silencing, ally target), Sojobo (repels missiles) and 2
friendly large abominations.

Vanquished Creatures
  A dread lich (Vaults:1)
  Vashnia (Snake:3)
  Saint Roka (Snake:4)
  2 deep elf master archers (Elf:3)
  A tentacled starspawn (Abyss:2)
  Polyphemus (Shoals:3)
  An Executioner (Abyss:3)
  2 sphinxes
  A tengu reaver (Vaults:3)
  Kirke (D:14)
  Ilsuiw (Shoals:2)
  2 nagarajas
  Donald (Elf:3)
  Aizul (Snake:1)
  A deep elf sorcerer (Elf:3)
  An emperor scorpion (D:15)
  3 deep elf elementalists
  5 vault wardens
  An orc warlord (Vaults:3)
  3 cacodemons (Abyss:3)
  5 ironbound preservers
  A war gargoyle (Vaults:2)
  A formless jellyfish (Vaults:2)
  A vampire knight (Vaults:3)
  3 ironbound thunderhulks
  A deep elf demonologist (Elf:3)
  A black draconian (Abyss:3)
  Azrael (Snake:2)
  7 dire elephants
  3 deep elf annihilators
  A minotaur (Gauntlet)
  2 deep elf death magi (Elf:3)
  A blizzard demon (Abyss:2)
  3 merfolk javelineers (Shoals:2)
  6 merfolk impalers
  4 entropy weavers
  11 yaktaur captains
  2 ettins
  A jiangshi (Vaults:3)
  A fire dragon (D:13)
  6 great orbs of eyes
  2 deep elf high priests (Elf:3)
  Josephine (Snake:1)
  3 vault guards (Vaults:1)
  7 hydras
  5 catoblepae
  12 anacondas
  4 merfolk avatars
  3 ogre magi (Orc:2)
  4 satyrs
  An alligator snapping turtle (Shoals:4)
  15 two-headed ogres
  13 centaur warriors
  4 merfolk aquamancers
  Erica (D:10)
  20 dancing weapons
  5 boulder beetles
  9 ironbound frosthearts
  4 death yaks
  10 naga warriors
  2 tengu warriors (D:15)
  4 thrashing horrors
  7 shock serpents
  Sonja (D:10)
  14 naga sharpshooters
  Nergalle (D:12)
  9 deep elf knights
  2 salamander mystics (Snake:2)
  5 skysharks
  2 wretched stars
  2 sixfirhies
  A spatial maelstrom (Abyss:3)
  2 shadow wraiths (Vaults:1)
  A glowing orange brain (Abyss:3)
  4 skeletal warriors
  11 deep trolls
  A flayed ghost (Abyss:2)
  10 sea snakes
  A glowing orange brain (shapeshifter) (Vaults:3)
  5 naga ritualists
  10 deep elf archers
  9 orc knights
  8 ironbound convokers
  11 lindwurms
  2 phantasmal warriors (Vaults:1)
  7 wizards
  13 harpies
  15 deep elf zephyrmancers
  13 mana vipers
  19 ugly things
  26 deep elf pyromancers
  20 manticores
  An oklob plant (Lair:3)
  4 fauns (Shoals:3)
  7 cyclopes
  An orc sorcerer (Orc:2)
  2 worldbinders
  5 merfolk sirens
  13 salamanders
  2 toenail golems (Volcano)
  27 elephants
  6 water nymphs
  5 guardian serpents
  25 black mambas
  A guardian serpent (shapeshifter) (D:14)
  A smoke demon (Abyss:2)
  2 orange demons
  14 naga magi
  A gargoyle (D:11)
  18 cane toads
  8 vault sentinels
  A centaur skeleton (Abyss:2)
  An apocalypse crab (Abyss:3)
  3 rime drakes
  2 unseen horrors
  3 freezing wraiths
  An efreet (Abyss:2)
  19 yaktaurs
  An ice devil (Gauntlet)
  10 komodo dragons
  19 merfolk
  A troll (shapeshifter) (D:14)
  A hornet (shapeshifter) (D:13)
  3 meliai (D:13)
  4 trolls
  5 wind drakes
  A hellwing (Abyss:3)
  A polar bear (Lair:5)
  An ancient zyme (Abyss:3)
  2 tyrant leeches (Lair:5)
  3 hornets
  34 blink frogs
  29 slime creatures
  6 snapping turtles
  13 dream sheep
  An air elemental (Elf:3)
  A centaur simulacrum (D:14)
  A jumping spider (shapeshifter) (Elf:3)
  A flying skull (Abyss:2)
  3 wyverns
  A spriggan (shapeshifter) (Elf:2)
  2 shadows
  A vampire (D:10)
  5 nameless horrors
  13 water elementals
  5 fire elementals
  52 yaks
  Grum (D:11)
  10 wraiths
  The ghost of liarliar the Changeling, an amateur DrSh (D:3)
  A golden eye (Abyss:3)
  5 humans (D:8)
  2 starcursed masses (Abyss:2)
  2 neqoxecs (Abyss:2)
  A basilisk (Lair:5)
  A golden eye (shapeshifter) (Vaults:3)
  3 redbacks (Vaults:1)
  Menkaure (D:4)
  12 vampire mosquitoes
  25 nagas
  3 wargs
  15 large abominations
  A hell hound (Snake:2)
  10 water moccasins
  Duvessa (D:4)
  Pargi (Sewer)
  23 orc warriors
  2 ice beasts
  2 sky beasts
  12 small abominations
  A black bear (Lair:2)
  26 ogres
  5 wolves
  A phantom (D:4)
  5 centaurs
  24 bullfrogs
  2 gnoll sergeants
  3 earth elementals
  Dowan (D:4)
  2 scorpions (D:4)
  4 wights
  4 electric eels
  3 howler monkeys (D:10)
  4 jellies
  4 hounds
  Crazy Yiuf (D:5)
  15 orc priests
  2 gnoll boudas
  Terence (D:3)
  A sleepcap (D:8)
  18 orc wizards
  2 iguanas
  Robin (D:3)
  15 adders
  18 gnolls
  A shadow imp (D:8)
  6 white imps
  7 ufetubi
  5 worms
  3 dart slugs
  71 orcs
  8 endoplasms
  A giant cockroach (D:2)
  19 goblins
  9 hobgoblins
  2 jackals (D:4)
  7 quokkas
  10 ball pythons
  8 bats
  3 frilled lizards
  6 kobolds
  12 rats
  A starspawn tentacle (Abyss:2)
1324 creatures vanquished.

Vanquished Creatures (collateral kills)
  2 deep elf blademasters (Elf:3)
  A sphinx (Vaults:3)
  Gastronok (D:11)
  A tengu reaver (Vaults:3)
  3 nagarajas (Snake:4)
  A deep elf sorcerer (Elf:3)
  3 vault wardens
  3 orc warlords
  5 ironbound preservers
  3 ironbound thunderhulks
  2 stone giants (Vaults:3)
  A deep elf demonologist (Elf:3)
  6 dire elephants
  A bunyip (Abyss:3)
  An eidolon (Vaults:1)
  A crystal guardian (Vaults:2)
  2 deep elf death magi (Elf:3)
  4 merfolk impalers
  A great orb of eyes (Vaults:2)
  An entropy weaver (shapeshifter) (Elf:3)
  A salamander tyrant (Snake:4)
  An ogre mage (Orc:2)
  3 ironbound frosthearts
  3 two-headed ogres (Orc:2)
  A peacekeeper (Vaults:2)
  An alligator snapping turtle (Shoals:4)
  8 vault guards
  A boulder beetle (D:14)
  4 anacondas
  A merfolk avatar (Shoals:1)
  A merfolk aquamancer (Shoals:2)
  6 dancing weapons
  A vampire mage (Vaults:3)
  2 shock serpents
  A tengu warrior (D:13)
  8 naga warriors
  2 death yaks
  A hell knight (Vaults:1)
  6 naga sharpshooters
  2 large abominations
  Amaemon (D:10)
  2 goliath frogs (Lair:5)
  3 sea snakes
  2 skysharks
  2 lindwurms (Vaults:1)
  4 deep trolls
  2 naga ritualists (Snake:3)
  3 slime creatures
  2 deep elf archers (Elf:3)
  5 deep elf zephyrmancers
  2 wizards
  A mana viper (Snake:4)
  4 harpies
  4 ironbound convokers
  3 ugly things
  3 deep elf pyromancers
  7 orc knights
  2 manticores
  A cyclops (Shoals:4)
  4 salamanders
  6 elephants
  3 merfolk sirens
  A toenail golem (Volcano)
  4 black mambas
  3 naga magi
  7 guardian serpents
  A torpor snail (Lair:5)
  4 cane toads
  4 vault sentinels
  A rime drake (Lair:5)
  Maggie (Lair:2)
  7 yaktaurs
  A komodo dragon (Lair:5)
  A troll (Orc:2)
  A polar bear (shapeshifter) (Elf:3)
  A wind drake (Shoals:3)
  6 merfolk
  4 dream sheep
  6 blink frogs
  A snapping turtle (shapeshifter) (Elf:3)
  2 snapping turtles
  A jumping spider (shapeshifter) (Elf:3)
  A wraith (Vaults:3)
  3 water elementals
  2 fire elementals (Snake:2)
  A basilisk (D:12)
  A fire bat (shapeshifter) (D:15)
  6 yaks
  2 starcursed masses
  A vampire mosquito (Lair:5)
  2 neqoxecs
  4 hell hounds (Snake:2)
  A small abomination (Abyss:3)
  4 water moccasins
  21 nagas
  8 orc warriors
  A black bear (D:6)
  A wolf (D:11)
  5 ogres (Orc:2)
  A phantom (D:5)
  A scorpion (D:6)
  3 electric eels
  A hound (D:5)
  8 orc priests
  2 iguanas (D:5)
  4 orc wizards (D:6)
  2 river rats (D:5)
  23 orcs
329 creatures vanquished.

Vanquished Creatures (others)
  A deep elf knight (Elf:2)
  A sea snake (Shoals:2)
  2 deep elf zephyrmancers
  2 water elementals
  3 humans (D:15)
  25 snaplasher vines
  2 starspawn tentacles (Abyss:2)
36 creatures vanquished.

Grand Total: 1689 creatures vanquished

Notes
Turn   | Place    | Note
-------+----------+-------------------------------------------
     0 | D:1      | Shard1697 the Draconian Ice Elementalist began the quest
                  | for the Orb.
     0 | D:1      | Reached XP level 1. HP: 14/14 MP: 3/3
    20 | D:1      | Found Miguud's Distillery.
    49 | D:1      | Found Imonn's Antique Weapon Shoppe.
    80 | D:1      | Found Repru's General Store.
    82 | D:1      | Found Binu's Magic Scroll Boutique.
   273 | D:1      | Reached XP level 2. HP: 14/20 MP: 1/5
   510 | D:1      | Found Dadyex's Book Shop.
   646 | D:2      | Reached XP level 3. HP: 21/26 MP: 2/7
   671 | D:2      | Learned a level 3 spell: Frozen Ramparts
   675 | D:2      | Learned a level 3 spell: Ozocubu's Armour
  1655 | D:1      | Reached skill level 5 in Ice Magic
  1655 | D:1      | Reached XP level 4. HP: 29/33 MP: 5/8
  1856 | D:3      | Found a runed translucent door.
  1858 | D:3      | Noticed liarliar's ghost (amateur DrSh)
  1906 | D:3      | Noticed Terence
  1916 | D:3      | Killed Terence
  2032 | D:3      | Identified the +0 helmet of Eternal Night {rF+}
  2032 | D:3      | Noticed Robin
  2120 | D:3      | Killed Robin
  2121 | D:3      | Reached XP level 5. HP: 38/38 MP: 2/10
  2366 | D:3      | Found a shadowy altar of Dithmenos.
  2672 | D:3      | Reached XP level 6. HP: 45/45 MP: 8/11
  3138 | D:4      | Noticed Menkaure
  3147 | D:4      | Killed Menkaure
  3279 | D:3      | Learned a level 4 spell: Summon Ice Beast
  3329 | D:4      | Reached skill level 1 in Summonings
  3336 | D:4      | Reached skill level 2 in Summonings
  3336 | D:4      | Your scales start taking on a fiery red colour.
  3336 | D:4      | Reduced skill Ice Magic to level 5
  3336 | D:4      | Reached XP level 7. HP: 49/50 MP: 6/13
  3336 | D:4      | Gained mutation: Your flesh is heat resistant. (rF+) [Red
                  | Draconian growth]
  3549 | D:4      | Found a hide-covered altar of Uskayaw.
  3666 | D:4      | Noticed Dowan
  3667 | D:4      | Noticed Duvessa
  3672 | D:4      | Killed Duvessa
  3673 | D:4      | Reached skill level 3 in Summonings
  3681 | D:4      | Killed Dowan
  3682 | D:4      | Reached skill level 4 in Summonings
  3823 | D:4      | Reached skill level 5 in Summonings
  4208 | D:4      | Found a white marble altar of Elyvilon.
  4257 | D:4      | Reached skill level 6 in Summonings
  4257 | D:4      | Reached XP level 8. HP: 33/57 MP: 14/14
  4373 | D:4      | Found an ornate altar of the Wu Jian Council.
  4630 | D:5      | Entered Level 5 of the Dungeon
  4644 | D:5      | Reached skill level 1 in Fighting
  4663 | D:5      | Found a runed translucent door.
  4664 | D:5      | Noticed Crazy Yiuf
  4669 | D:5      | Killed Crazy Yiuf
  4755 | D:5      | Found a broken altar of Ashenzari.
  4758 | D:5      | Found a basalt altar of Yredelemnul.
  4760 | D:5      | Found a burning altar of Makhleb.
  4903 | D:5      | Found a glowing drain.
  4910 | Sewer    | Entered a sewer
  4985 | Sewer    | Noticed Pargi
  4990 | Sewer    | Killed Pargi
  5273 | D:5      | Reached skill level 7 in Summonings
  5417 | D:5      | Found a staircase to the Ecumenical Temple.
  5426 | Temple   | Entered the Ecumenical Temple
  5433 | Temple   | Became a worshipper of Gozag Ym Sagoz the Greedy
  6109 | D:6      | Found a radiant altar of Vehumet.
  6137 | D:6      | Found an ancient bone altar of Kikubaaqudgha.
  6156 | D:6      | Reached skill level 5 in Fighting
  6162 | D:6      | Got Kikubaaqudgha's Grimoire of Black Rites
  6189 | D:6      | Found a shimmering blue altar of Sif Muna.
  6517 | D:6      | Reached skill level 8 in Summonings
  6517 | D:6      | Reached XP level 9. HP: 74/74 MP: 15/15
  6821 | D:6      | Noticed a two-headed ogre
  6831 | D:6      | Killed a two-headed ogre
  6832 | D:6      | Reached skill level 9 in Summonings
  6842 | D:6      | Noticed a two-headed ogre
  6943 | D:6      | Killed a two-headed ogre
  7296 | D:1      | Bought a scroll of identify for 24 gold pieces
  7296 | D:1      | Bought a scroll of identify for 24 gold pieces
  7562 | D:7      | Reached XP level 10. HP: 87/90 MP: 16/16
  7582 | D:7      | Paralysed by a hornet for 1 turns
  8408 | D:8      | Found a staircase to the Lair.
  8447 | D:8      | Found a flagged portal.
  8472 | Bailey   | Entered a bailey
  8720 | Bailey   | Noticed an orc knight
  8767 | Bailey   | Killed an orc knight
  8913 | Bailey   | Acquired 615 gold pieces
  9095 | D:1      | Bought the +8 mithril axe "Arga" {speed, Will+} for 904
                  | gold pieces
  9095 | D:1      | Found the +8 mithril axe "Arga" {speed, Will+}
  9104 | D:1      | Bought a potion of curing for 42 gold pieces
  9106 | D:1      | Bought a scroll of teleportation for 36 gold pieces
  9106 | D:1      | Bought a scroll of fog for 48 gold pieces
  9106 | D:1      | Bought a scroll of fear for 48 gold pieces
  9106 | D:1      | Bought 3 scrolls of teleportation for 108 gold pieces
  9106 | D:1      | Bought a scroll of teleportation for 36 gold pieces
  9106 | D:1      | Bought a scroll of fog for 48 gold pieces
  9135 | D:1      | Bought a potion of heal wounds for 65 gold pieces
  9135 | D:1      | Bought a potion of haste for 130 gold pieces
  9135 | D:1      | Bought a potion of lignification for 39 gold pieces
  9135 | D:1      | Bought a potion of curing for 39 gold pieces
  9135 | D:1      | Bought a potion of curing for 39 gold pieces
  9135 | D:1      | Bought a potion of berserk rage for 65 gold pieces
  9229 | D:3      | Killed liarliar's ghost
  9230 | D:3      | Reached skill level 1 in Maces & Flails
  9430 | D:8      | Reached skill level 1 in Shields
  9493 | D:8      | Reached skill level 1 in Axes
  9512 | D:8      | Found an iron altar of Okawaru.
  9903 | D:8      | Found a hazy altar of Hepliaklqana.
  9928 | D:8      | Reached XP level 11. HP: 99/99 MP: 17/17
 10197 | D:9      | Reached skill level 5 in Axes
 10208 | D:9      | Identified the +1 pair of gloves of Pessimism {Harm rElec
                  | Will-}
 10333 | D:9      | Found Udad Qoela's Magic Scroll Shoppe.
 10341 | D:9      | Bought a scroll of revelation for 75 gold pieces
 10635 | D:9      | Paralysed by a hornet for 3 turns
 10639 | D:9      | Paralysed by a hornet for 2 turns
 10839 | D:9      | You fall into a shaft and drop 1 floor!
 10839 | D:10     | Entered Level 10 of the Dungeon
 10992 | D:10     | Noticed Erica
 11017 | D:10     | Killed Erica
 11018 | D:10     | Reached skill level 5 in Shields
 11296 | D:10     | Noticed Amaemon
 11317 | D:10     | Killed Amaemon
 11542 | D:10     | Found the +5 scythe "Finisher" {speed, execute}
 11591 | D:10     | Noticed a skeletal warrior
 11610 | D:10     | Killed a skeletal warrior
 11611 | D:10     | Reached skill level 10 in Fighting
 12159 | D:10     | Noticed Sonja
 12167 | D:10     | Killed Sonja
 12168 | D:10     | Reached skill level 10 in Axes
 12252 | D:10     | Found a glowing golden altar of the Shining One.
 12302 | D:11     | Noticed Gastronok
 12311 | D:11     | Killed Gastronok
 12312 | D:11     | Reached XP level 12. HP: 106/106 MP: 14/18
 13067 | D:11     | Noticed Grum
 13094 | D:11     | Killed Grum
 13265 | D:11     | Found Hean's Book Shoppe.
 13467 | D:1      | Bought the Dissertation on Displacement for 420 gold pieces
 13474 | D:1      | Learned a level 5 spell: Summon Forest
 13672 | D:11     | Found Geelupn's Magic Scroll Emporium.
 13675 | D:11     | Bought a scroll of revelation for 105 gold pieces
 13675 | D:11     | Bought a scroll of noise for 14 gold pieces
 13679 | D:11     | Bought a scroll of identify for 28 gold pieces
 13679 | D:11     | Bought a scroll of identify for 28 gold pieces
 13679 | D:11     | Bought a scroll of identify for 28 gold pieces
 13679 | D:11     | Bought a scroll of identify for 28 gold pieces
 13683 | D:11     | Bought a scroll of torment for 133 gold pieces
 13683 | D:11     | Bought a scroll of poison for 56 gold pieces
 13733 | D:11     | Found a staircase to the Orcish Mines.
 13867 | Lair:1   | Entered Level 1 of the Lair of Beasts
 13883 | Lair:1   | Reached skill level 1 in Translocations
 13892 | Lair:1   | Reached skill level 10 in Summonings
 14105 | Lair:1   | Noticed a catoblepas
 14112 | Lair:1   | Killed a catoblepas
 14221 | Lair:1   | Learned a level 2 spell: Blink
 14294 | Lair:1   | Noticed a death yak
 14303 | Lair:1   | Killed a death yak
 14362 | Lair:1   | Noticed an eight-headed hydra
 14367 | Lair:1   | Killed an eight-headed hydra
 14384 | Lair:1   | Noticed a death yak
 14400 | Lair:1   | Killed a death yak
 14483 | Lair:1   | Noticed a dire elephant
 14483 | Lair:1   | Noticed a catoblepas
 14503 | Lair:1   | Found a runed translucent door.
 14647 | Lair:1   | Reached XP level 13. HP: 105/113 MP: 15/19
 14845 | Lair:1   | Reached skill level 11 in Summonings
 15234 | Lair:1   | Reached skill level 5 in Translocations
 15358 | Lair:1   | Killed a dire elephant
 15545 | Lair:1   | Got the Codex of Toxic Diablerie
 15832 | Lair:2   | Noticed Maggie
 15848 | Lair:2   | Killed Maggie
 15961 | Lair:2   | Found a staircase to the Shoals.
 16193 | Lair:2   | Found a staircase to the Snake Pit.
 16471 | Lair:3   | Found a transporter.
 16503 | Lair:3   | Found a bloodstained altar of Trog.
 16507 | Lair:3   | Noticed LobsterGuardian's ghost (journeyman DsNe)
 16522 | Lair:3   | Found a gate leading to a gauntlet.
 16540 | Gauntlet | Entered a Gauntlet
 16540 | Gauntlet | Found a transporter.
 16586 | Gauntlet | Found a transporter.
 16588 | Gauntlet | Found a transporter.
 16599 | Gauntlet | Found a transporter.
 16602 | Gauntlet | Found a transporter.
 16613 | Gauntlet | Found a transporter.
 16628 | Gauntlet | Found a transporter.
 16642 | Gauntlet | Found a transporter.
 16646 | Gauntlet | Noticed a cacodemon
 16661 | Gauntlet | Found a transporter.
 16665 | Gauntlet | Noticed a dire elephant
 16678 | Gauntlet | Found a transporter.
 16687 | Gauntlet | Found a transporter.
 16687 | Gauntlet | Found a transporter.
 16729 | Gauntlet | Found a transporter.
 16887 | Gauntlet | Identified the amulet "Ottaes" {Spirit MP-9 Str+5}
 16925 | Gauntlet | Noticed a minotaur
 16952 | Gauntlet | Killed a minotaur
 16958 | Gauntlet | Identified the staff "Pogaocs" {rElec Conj}
 16958 | Gauntlet | Identified the +0 robe of the Wary Yaks {rPois Str+4 Int-3
                  | Dex+6}
 17203 | Lair:3   | Found a transporter.
 17218 | Lair:3   | Reached skill level 12 in Summonings
 18252 | Lair:4   | Reached XP level 14. HP: 99/121 MP: 20/20
 18342 | Lair:4   | Reached skill level 5 in Dodging
 18731 | Lair:4   | Found a dark tunnel.
 18759 | Volcano  | Entered a volcano
 18866 | Volcano  | Reached skill level 15 in Axes
 18903 | Volcano  | Identified the +8 rapier of Satyriasis {heavy, rF+ Int+3}
 18946 | Abyss:2  | Cast into level 2 of the Abyss (a wizard)
 19003 | Abyss:2  | Noticed a tentacled starspawn
 19011 | Abyss:2  | Killed a tentacled starspawn
 19246 | Abyss:2  | Noticed a dread lich
 19310 | Volcano  | Escaped the Abyss
 19787 | Lair:4   | Found the +9 sword of Power {lifebolt}
 20115 | Lair:5   | Entered Level 5 of the Lair of Beasts
 20115 | Lair:5   | Found a staircase to the Slime Pits.
 20801 | Lair:5   | Reached XP level 15. HP: 94/138 MP: 16/21
 21421 | Lair:5   | Got Ymucunn's Precepts of Turbulent Nonlocality
 21499 | Lair:5   | Reached skill level 15 in Fighting
 22337 | D:11     | Found Gypelao's Jewellery Shoppe.
 22343 | D:11     | Bought an amulet of reflection for 420 gold pieces
 22358 | D:11     | Bought the ring of Sima {AC+4 SInv} for 660 gold pieces
 23150 | D:12     | Noticed Nergalle
 23161 | D:12     | Killed Nergalle
 23998 | D:13     | Found a gate to the Vaults.
 24814 | D:14     | Found a transporter.
 25005 | D:14     | Found a transporter.
 25411 | D:14     | Identified the +0 scale mail of Least Resistance {Int+3
                  | Dex+3}
 25620 | D:15     | Entered Level 15 of the Dungeon
 25669 | D:15     | Found the +8 Wrath of Trog {antimagic, *Rage Rampage}
 26453 | D:15     | Noticed Kirke
 26556 | D:14     | Killed Kirke
 26570 | D:15     | Reached skill level 10 in Dodging
 26570 | D:15     | Reached XP level 16. HP: 143/155 MP: 14/22
 26859 | D:15     | Found a staircase to the Depths.
 27418 | Orc:1    | Entered Level 1 of the Orcish Mines
 27963 | Orc:2    | Entered Level 2 of the Orcish Mines
 28323 | Orc:2    | Found Lydd's Antique Armour Shop.
 28323 | Orc:2    | Found Toirrow's Book Emporium.
 28324 | Orc:2    | Found Onewoq's Antique Weapon Shoppe.
 28324 | Orc:2    | Found Fud Unou's Armour Shop.
 28332 | Orc:2    | Bought a book of the Wilderness for 494 gold pieces
 28332 | Orc:2    | Bought a book of Death for 572 gold pieces
 28341 | Orc:2    | Learned a level 6 spell: Summon Cactus Giant
 28705 | Orc:2    | Found a staircase to the Elven Halls.
 29286 | Snake:1  | Entered Level 1 of the Snake Pit
 29630 | Snake:1  | Reached skill level 5 in Spellcasting
 29657 | Snake:1  | Noticed Josephine
 29673 | Snake:1  | Killed Josephine
 29834 | Snake:1  | Noticed Aizul
 29863 | Snake:1  | Killed Aizul
 30257 | Snake:1  | Reached skill level 13 in Summonings
 32160 | Snake:2  | Noticed Azrael
 32174 | Snake:2  | Killed Azrael
 32203 | Snake:2  | Reached skill level 14 in Summonings
 32203 | Snake:2  | Reached XP level 17. HP: 27/161 MP: 17/28
 32745 | Snake:3  | Noticed Roxanne
 33789 | Snake:3  | Noticed Vashnia
 35122 | Snake:3  | Learned a level 7 spell: Haunt
 35192 | Snake:3  | Killed Vashnia
 35372 | Snake:3  | Found Yreugrik's Jewellery Boutique.
 35372 | Snake:3  | Found Mevoppu's Book Emporium.
 35373 | Snake:3  | Found Duurghum's Jewellery Boutique.
 35386 | Snake:3  | Bought the ring of Nyssoabb {Wiz rC+} for 440 gold pieces
 36661 | Snake:4  | Entered Level 4 of the Snake Pit
 36860 | Snake:4  | Reached skill level 5 in Stealth
 37172 | Snake:4  | Identified the +1 cloak of Inviolability {*Corrode Str-3
                  | Int+3 Dex+5}
 37213 | Snake:4  | Reached skill level 1 in Necromancy
 37923 | Snake:4  | Noticed Saint Roka
 37964 | Snake:4  | Killed Saint Roka
 37965 | Snake:4  | Reached skill level 10 in Shields
 38744 | Snake:4  | Reached XP level 18. HP: 130/166 MP: 19/29
 39566 | Snake:4  | Reached skill level 15 in Summonings
 39720 | Snake:4  | Got a serpentine rune of Zot
 39929 | Shoals:1 | Entered Level 1 of the Shoals
 42026 | Shoals:2 | Noticed Ilsuiw
 42055 | Shoals:2 | Reached skill level 5 in Necromancy
 42063 | Shoals:2 | Killed Ilsuiw
 42954 | Shoals:2 | Found Hyelonk's Distillery.
 42962 | Shoals:2 | Bought 2 potions of curing for 108 gold pieces
 42962 | Shoals:2 | Bought a potion of heal wounds for 90 gold pieces
 42962 | Shoals:2 | Bought 2 potions of resistance for 360 gold pieces
 42962 | Shoals:2 | Bought a potion of haste for 180 gold pieces
 42962 | Shoals:2 | Bought a potion of might for 72 gold pieces
 43230 | Shoals:3 | Found a hazy altar of Hepliaklqana.
 43520 | Shoals:3 | Noticed Polyphemus
 43547 | Shoals:3 | Killed Polyphemus
 44329 | Shoals:3 | Got the Compendium of Battling
 44363 | Shoals:4 | Entered Level 4 of the Shoals
 45125 | Shoals:4 | Reached skill level 16 in Summonings
 45526 | Shoals:4 | Reached XP level 19. HP: 177/177 MP: 31/31
 45644 | Shoals:4 | Learned a level 3 spell: Vampiric Draining
 45952 | Shoals:4 | Got a barnacled rune of Zot
 47112 | Elf:1    | Entered Level 1 of the Elven Halls
 48826 | Elf:2    | Found a runed translucent gate.
 48826 | Elf:2    | Found a runed translucent gate.
 48826 | Elf:2    | Found a runed translucent gate.
 49291 | Abyss:2  | Cast into level 2 of the Abyss (+5 hand axe of distortion)
 49294 | Abyss:2  | Noticed a bone dragon
 49298 | Abyss:2  | Found a corrupted altar of Lugonu.
 49305 | Abyss:2  | Found a corrupted altar of Lugonu.
 49770 | Abyss:3  | Reached skill level 10 in Necromancy
 49873 | Elf:2    | Escaped the Abyss
 50960 | Elf:2    | Reached XP level 20. HP: 181/184 MP: 32/32
 51659 | Elf:3    | Entered Level 3 of the Elven Halls
 51680 | Elf:3    | Found Byuqet's Jewellery Emporium.
 51735 | Elf:3    | Bought an amulet of regeneration for 600 gold pieces
 51885 | Elf:3    | Paralysed by an air elemental for 1 turns
 51922 | Elf:3    | Reached skill level 17 in Summonings
 51927 | Elf:3    | Reached skill level 15 in Shields
 52050 | Elf:3    | Found Uso Eqoa's Antique Weapon Shop.
 52070 | Elf:3    | Noticed Donald
 52081 | Elf:3    | Killed Donald
 52613 | Elf:3    | Got the Volume of Phantasms
 52625 | Elf:3    | Learned a level 8 spell: Summon Horrible Things
 53493 | Elf:3    | Identified the staff of Dithmenos's Favour {*Slow +Blink
                  | Str+8 Earth}
 53494 | Elf:3    | Identified the staff "Qiulaom" {rPois rF+ Str+3 Int-5 Fire}
 53501 | Elf:3    | Got the Incunabulum of the Dark Quarry
 53604 | Elf:3    | Identified the +0 rapier of Obiter Dictum {drain, Str+3
                  | Stlth+}
 53931 | Vaults:1 | Entered Level 1 of the Vaults
 54471 | Vaults:1 | Reached skill level 10 in Spellcasting
 54925 | Vaults:1 | Reached skill level 18 in Summonings
 55285 | Vaults:1 | Noticed a dread lich
 55326 | Vaults:1 | Killed a dread lich
 55870 | Vaults:1 | Reached skill level 19 in Summonings
 56383 | Vaults:2 | Reached XP level 21. HP: 191/191 MP: 27/35
 57336 | Vaults:2 | Reached skill level 20 in Summonings
 58180 | Vaults:3 | Reached skill level 1 in Polearms
 58603 | Vaults:3 | Found a staircase to the Crypt.
 58857 | Vaults:3 | Reached skill level 5 in Polearms
 59385 | Vaults:3 | Found the +16 obsidian axe {drain, demonic, Mesm Drain Fly
                  | SInv}
 59416 | Vaults:3 | Identified the ring "Uzaunut" {MP+9 Int+3}
 60031 | Vaults:4 | Found Tefateto's Antique Armour Boutique.
 60035 | Vaults:4 | Bought a pair of polished boots for 313 gold pieces
 60035 | Vaults:4 | Identified the +0 pair of boots "Puriaz" {Will- Int+2
                  | Dex+7} (You bought it in a shop on level 4 of the Vaults)
 60277 | Vaults:4 | Paralysed by a great orb of eyes for 5 turns
 60439 | Vaults:4 | Noticed a golden dragon
 60713 | Vaults:4 | Noticed Sojobo
 60719 | Vaults:4 | Paralysed by an air elemental for 1 turns
 60747 | Vaults:4 | Paralysed by an air elemental for 1 turns
 60751 | Vaults:4 | Noticed Mennas
 60875 | Vaults:4 | HP: 8/186 [Mennas/+1 eudemon blade of holy wrath (14)]
 60875 | Vaults:4 | Slain by Mennas

Illustrated notes

Levels and vault maps discovered:
D:1:      wander_arrival_abandoned_jail, layout_rooms, serial_shops,
          nicolae_shop_tiny_real_fake_doors, nicolae_shop_trees, shop, shop,
          shop_coins, minmay_tall_x
D:2:      layout_loops_ring, chequers_serial_rivers_small_3,
          nicolae_eternal_life, minmay_randomly_rotated_circles
D:3:      layout_basic, mainiacjoe_overflow_brackets, ebering_ghost_inner_flame,
          minmay_pentomino_pile, uniq_robin, uniq_terence
D:4:      layout_loops_ring, elyvilon_altar_3,
          nicolae_wu_jian_immortal_techniques, general_overflow_altar,
          chequers_big_river, minmay_fractal_squares_diagonal_5, uniq_menkaure,
          uniq_duvessa
D:5:      nicolae_cairo_tiling_large_dashed, layout_basic,
          grunt_temple_overflow_open, minmay_temple_entry_antechambers,
          lightli_sewer_entry_pipes, uniq_crazy_yiuf_cottage
D:6:      wad_guarded_room, layout_loops_corners, palyth_temple_overflow_mages
D:7:      layout_basic, kennysheep_flooded_box
D:8:      layout_loops_ring, mainiacjoe_overflow_concentric_impassable,
          kennysheep_mini, lair_entry_dummy, enter_bailey_3, minmay_ruffians
D:9:      minmay_octagon_keep, layout_irregular_city, serial_shops,
          nicolae_lakefront_shop
D:10:     layout_irregular_city, tso_altar, minmay_guarded_unrand_finisher,
          uniq_erica, uniq_sonja, uniq_amaemon
D:11:     layout_big_octagon, erik_orc_2, serial_shops, nicolae_shop_peninsula,
          nicolae_shop_rolled_up, nicolae_shop_gaudy_bauble, uniq_grum,
          uniq_gastronok
D:12:     layout_rooms, solitary_fountain, uniq_nergalle
D:13:     layout_cave_pods, david_vaults_4
D:14:     gammafunk_worm_tunnel, layout_long_grid, chequers_decorated_corner
D:15:     hangedman_depths_entry_try_elsewhere_first, layout_basic,
          serial_bayou_pond_e, fountainhead, uniq_kirke
Temple:   nicolae_temple_bog_church
Lair:1:   gammafunk_lair_enchanted_lake, layout_regular_city,
          infiniplex_staircase_pool
Lair:2:   layout_misc_corridors, elwin_shoals_entry_rocks,
          guppyfry_snake_entry_garden, serial_bayou_shore_b, uniq_maggie
Lair:3:   layout_regular_city, gauntlet_entry_generic,
          gammafunk_ghost_wrathful_warriors
Lair:4:   layout_roguey, enter_volcano_4, grunt_megastairs_4
Lair:5:   minmay_lair_end_frog_pond, layout_gridlike, slime_entry_1,
          serial_bayou_crossing
Shoals:1: layout_shoals
Shoals:2: layout_shoals, serial_shops, shop, uniq_ilsuiw
Shoals:3: layout_shoals, lemuel_altar_in_water, uniq_polyphemus
Shoals:4: shoals_end_hangedman, layout_shoals
Snake:1:  layout_layer_cave, drop_trap, uniq_aizul, uniq_josephine
Snake:2:  layout_basic, uniq_azrael
Snake:3:  layout_chambers, special_room, minmay_shop_grove, grunt_megastairs_3,
          lemuel_fruit_tree, serial_bayou_shore_a, uniq_vashnia, uniq_roxanne
Snake:4:  grunt_snake_rune_serpentine_throne, layout_cave_town,
          grunt_megastairs_2, uniq_saint_roka
Orc:1:    cheibrodos_orc_arena, layout_caves, basic_altar
Orc:2:    st_orc_ogre_mass, layout_caves, basic_altar
Elf:1:    minmay_elf_arrival_summoners, layout_geoelf_grid, evilmike_minifort
Elf:2:    elven_hall_of_blades_hangedman_original [nicolae_blade_little_rooms],
          layout_loops_ring
Elf:3:    elf_hall_gauntlet_narrow, layout_geoelf_octagon, serial_shops,
          nicolae_diamond_shop, nicolae_shop_scrapyard,
          nicolae_elf_shapeshifter_party, uniq_donald
Vaults:1: v_alt_pattern_2, nicolae_vaults_you_can_take_it_with_you,
          hangedman_vaults_nodes, hangedman_vaults_stream,
          nicolae_vaults_doubleplus_tesselated, nicolae_vaults_what_the_h,
          nicolae_vaults_double_plus_3, vaults_room_corners,
          nicolae_vaults_specimen_jars, nicolae_vaults_gold_heap,
          hangedman_vaults_corner_blocks, nicolae_vaults_double_plus_1,
          nicolae_vaults_storage_room_statues, layout_vaults_maze
Vaults:2: nicolae_vaults_variable_pillar_hall,
          nicolae_vaults_shipping_containers_5,
          nicolae_vaults_storage_closets_1, hangedman_vaults_stagger, v_misc_23,
          ontoclasm_vaults_decontamination, nicolae_vaults_weapon_check,
          layout_vaults_quadrants
Vaults:3: grunt_vaults_funneled_arena, v_misc_25,
          minmay_crypt_entry_simple_sparse, vaults_mumra_chevron_long,
          v_misc_12, v_misc_10, nicolae_vaults_trapezoid_lopsided_3,
          nicolae_vaults_heart-shaped_vault, nicolae_vaults_oval_intersection,
          layout_vaults_chaotic_city
Vaults:4: v_misc_26, nicolae_vaults_network_star, nicolae_vaults_network_square,
          st_star, grunt_vaults_twisty, nicolae_vaults_wine_cellar,
          nicolae_vaults_sesquioval_fish, nicolae_vaults_little_squares_4,
          nicolae_vaults_diamond_1, v_misc_23, nicolae_vaults_double_plus_1,
          layout_vaults_omnibox, serial_shops, nicolae_shop_just_a_little_nook,
          uniq_xtahua, uniq_sojobo, uniq_zenata, uniq_mennas

Skill      XL: |  1  2  3  4  5  6  7  8  9 10 11 12 13 14 15 16 17 18 19 20 21 |
---------------+----------------------------------------------------------------+-----
Spellcasting   | 3 4 7 8 10 | 10.2
Ice Magic      | 5 6 5 |  5.7
Summonings     | 2 6 8 9 10 12 14 16 19 20 | 20.2
Fighting       | 5 8 9 10 14 17 | 17.3
Dodging        | 2 4 7 10 11 13 | 13.9
Maces & Flails | 1 |  1.2
Shields        | 3 5 6 10 12 14 15 | 15.0
Axes           | 4 10 13 14 15 17 18 | 18.0
Translocations | 4 7 |  7.8
Stealth        | 5 |  5.2
Necromancy     | 1 6 10 11 | 11.2
Polearms       | 6 |  6.0

Action                     |  1- 3 |  4- 6 |  7- 9 | 10-12 | 13-15 | 16-18 | 19-21 || total
---------------------------+-------+-------+-------+-------+-------+-------+-------++-------
  Melee: Unarmed           |     4 |       |       |       |       |       |       ||     4
         Flail             |    71 |    96 |    66 |     1 |    21 |       |       ||   255
         Tailslap          |     8 |    10 |    25 |    83 |   227 |   296 |   498 ||  1147
         Punch             |     2 |       |     3 |       |       |       |       ||     5
         Quarterstaff      |       |       |   141 |    61 |       |       |       ||   202
         Broad axe         |       |       |       |   466 |  1018 |  1618 |  2160 ||  5262
   Cast: Freeze            |    37 |    61 |    11 |     3 |       |       |       ||   112
         Ozocubu's Armour  |       |     1 |     3 |    11 |       |     1 |       ||    16
         Frozen Ramparts   |       |     1 |     6 |    10 |       |       |       ||    17
         Summon Ice Beast  |       |       |    13 |    34 |    45 |     2 |       ||    94
         Summon Forest     |       |       |       |       |    28 |    47 |     9 ||    84
         Blink             |       |       |       |       |     1 |       |     2 ||     3
         Summon Cactus Gia |       |       |       |       |       |    71 |    56 ||   127
         Haunt             |       |       |       |       |       |       |    14 ||    14
         Summon Horrible T |       |       |       |       |       |       |    24 ||    24
 Invoke: Potion Petition   |       |       |       |       |       |     1 |     1 ||     2
         Call Merchant     |       |       |       |       |       |       |     1 ||     1
Ability: Breathe Fire      |       |       |    18 |    22 |    11 |     6 |     2 ||    59
  Evoke: Wand              |       |       |       |     2 |     3 |       |       ||     5
         Condenser vane    |       |       |       |       |       |       |     1 ||     1
         Lightning rod     |       |       |       |       |       |       |     3 ||     3
    Use: Potion            |       |       |     1 |     2 |     7 |    14 |    12 ||    36
         Scroll            |       |       |     5 |    15 |     6 |     8 |    24 ||    58
   Stab: Sleeping          |     2 |     3 |     6 |       |     4 |     7 |    24 ||    46
         Distracted        |       |       |       |     2 |    19 |    21 |    32 ||    74
         Petrified         |       |       |       |       |     6 |       |       ||     6
         Invisible         |       |       |       |       |     2 |    24 |       ||    26
 Armour: Skin              |    37 |    44 |    79 |   165 |   311 |   335 |   408 ||  1379
  Dodge: Dodged            |    81 |   106 |   182 |   325 |   448 |   476 |   514 ||  2132
  Block: Buckler           |       |       |       |   141 |   305 |   320 |       ||   766
         Reflection        |       |       |       |       |     8 |   114 |    39 ||   161
         Kite shield       |       |       |       |       |       |   618 |  1065 ||  1683

Table legend: (Time is in decaauts)
 A = Elapsed time spent in this place.
 B = Non-inter-level travel time spent in this place.
 C = Inter-level travel time spent in this place.
 D = Time resting spent in this place.
 E = Time spent auto-exploring this place.
 F = Levels seen in this place.
 G = Mean time per level.
                   A        B        C        D        E       F      G
               +--------+--------+--------+--------+--------+-----+--------+
         Total |  59343 |  55850 |   3493 |   9141 |  32441 |  45 | 1318.7 |
       Dungeon |  18756 |  16727 |   2029 |   1571 |  10843 |  15 | 1250.4 |
        Temple |     13 |      8 |      5 |      0 |      0 |   1 |   13.0 |
          Lair |   7340 |   6874 |    466 |    493 |   4814 |   5 | 1468.0 |
        Shoals |   6734 |   6519 |    215 |   1885 |   3093 |   4 | 1683.5 |
     Snake Pit |  10280 |   9945 |    335 |   2858 |   5307 |   4 | 2570.0 |
  Orcish Mines |   1680 |   1550 |    130 |     80 |   1141 |   2 |  840.0 |
   Elven Halls |   5831 |   5637 |    194 |   1536 |   2670 |   3 | 1943.7 |
        Vaults |   6453 |   6336 |    117 |    422 |   4172 |   4 | 1613.2 |
         Abyss |    773 |    773 |      0 |     42 |      0 |   3 |  257.7 |
         Sewer |    210 |    210 |      0 |     43 |    117 |   1 |  210.0 |
        Bailey |    463 |    463 |      0 |     17 |     64 |   1 |  463.0 |
       Volcano |    230 |    230 |      0 |     15 |     62 |   1 |  230.0 |
      Gauntlet |    574 |    574 |      0 |    178 |    156 |   1 |  574.0 |
               +--------+--------+--------+--------+--------+-----+--------+

Top non-repeatable levels by time:
 Snake:3: 2971 daAuts
 Snake:2: 2886 daAuts
   Elf:2: 2839 daAuts
 Snake:4: 2630 daAuts
Vaults:1: 2193 daAuts
   Elf:3: 1980 daAuts
Vaults:3: 1976 daAuts
  Lair:5: 1870 daAuts
Shoals:3: 1849 daAuts
  Lair:1: 1810 daAuts
Shoals:4: 1794 daAuts
 Snake:1: 1790 daAuts
Shoals:1: 1761 daAuts
     D:3: 1716 daAuts
     D:6: 1661 daAuts
